 Dungeon Crawl Stone Soup version 0.19.0-19-g8c6edcc (webtiles) character file.

342 Minion the Cudgeler (level 6, -1/59 HPs)
             Began as a Troll Fighter on Nov 12, 2016.
             Slain by max's ghost (14 damage)
             ... on level 3 of the Dungeon.
             The game lasted 00:04:16 (2177 turns).

Minion the Cudgeler (Troll Fighter)                 Turns: 2177, Time: 00:04:17

Health: -1/59      AC:  5    Str: 27    XL:     6   Next: 30%
Magic:  5/5        EV: 11    Int:  4    God:
Gold:   114        SH:  0    Dex: 11    Spells: 0 memorised, 5 levels left

rFire  . . .     SeeInvis .     t - +0 giant club
rCold  . . .     Gourm    +     b - +0 robe
rNeg   . . .     Faith    .     (shield currently unavailable)
rPois  .         Spirit   .     (helmet restricted)
rElec  .         Reflect  .     (no cloak)
rCorr  .         Harm     .     (gloves unavailable)
MR     .....                    (boots unavailable)
Stlth  +.........               (no amulet)
                                (no ring)
                                k - +2 ring of strength

@: no status effects
A: unfitting armour, claws 3, fast metabolism 3, gourmand, regeneration 1,
shaggy fur 1, tough skin 2
a: no special abilities


You were on level 3 of the Dungeon.
You were not hungry.

You visited 1 branch of the dungeon, and saw 3 of its levels.

You collected 114 gold pieces.

Inventory:

Hand Weapons
 t - a +0 giant club (weapon)
Armour
 b - a +0 robe (worn)
Jewellery
 k - a +2 ring of strength (left claw)
Scrolls
 c - 3 scrolls of recharging {unknown}
 g - a scroll of blinking {unknown}
 j - a scroll of random uselessness {unknown}
 m - a scroll of magic mapping {unknown}
 n - 5 scrolls of remove curse {unknown}
 p - 2 scrolls of identify {unknown}
 s - a scroll of amnesia {unknown}
 u - a scroll of immolation {unknown}
Potions
 d - a potion of might
 e - a potion of agility {unknown}
 h - a potion of flight {unknown}
 i - 2 potions of curing {unknown}
 l - a potion of degeneration {unknown}
 o - a potion of haste {unknown}
 q - a potion of heal wounds {unknown}
 r - a potion of berserk rage {unknown}
 v - 2 potions of cure mutation {unknown}
Books
 a - a book of Misfortune

   Spells                             Type                      Level
   a - Confusing Touch                Hexes                        1
   b - Confuse                        Hexes                        3
   c - Gell's Gravitas                Hexes/Translocation          3
   d - Petrify                        Transmutation/Earth          4
   e - Metabolic Englaciation         Hexes/Ice                    5
   f - Yara's Violent Unravelling     Hexes/Transmutation          5
Comestibles
 f - 7 bread rations


   Skills:
 - Level 2.4 Fighting
 + Level 4.6 Maces & Flails
 - Level 4.3 Dodging
   Level 2.4 Shields


You had 5 spell levels left.
You didn't know any spells.

Dungeon Overview and Level Annotations

Branches:
Dungeon (3/15)

Altars:
Fedhas
Kikubaaqudgha
Nemelex Xobeh

Annotations:
D:3 max's ghost, amateur MiFi


Innate Abilities, Weirdness & Mutations

You are too large for most types of armour.
You have claws for hands.
Your metabolism is lightning-fast.
You like to eat raw meat.
Your natural rate of healing is unusually fast.
You are covered in fur. (AC +1)
You have very tough skin. (AC +2)


Message History

You hit max's ghost but do no damage.
Max's ghost is lightly damaged.
Max's ghost hits you.
You hit max's ghost but do no damage.
Max's ghost is lightly damaged.
Max's ghost closely misses you. Max's ghost hits you!!
You bludgeon max's ghost!!
Max's ghost is heavily damaged.
Max's ghost hits you.
You barely miss max's ghost.
Max's ghost is heavily damaged.
Max's ghost barely misses you. Max's ghost completely misses you.
You hit max's ghost but do no damage.
Max's ghost is heavily damaged.
Max's ghost hits you!
* * * LOW HITPOINT WARNING * * *
You barely miss max's ghost.
Max's ghost is heavily damaged.
Max's ghost hits you!
You die...

.#####.# ####.#.###.## .# #.#
#.##...## .# #.# #.##..## .# #.#
#.##..##### .#
###.######.........### ######
.###....................####.....
...........##.##..###............
.......##...#.##..# ###..........
########........@># ######.....
##...#.##W## #..... ##.#..##.#
##..## #.......# #..# #.....###
#..# #....####### ##..#
#..........# #...# ###..#####[#
####..## #....# #.# #..)..#


You could see max's ghost.

Vanquished Creatures
  Sigmund (D:3)
  An ogre (D:3)
  Ijyb (D:3)
  2 adders
  3 worms
  6 giant cockroaches
  2 goblins
  6 hobgoblins
  5 bats
  3 frilled lizards (D:2)
  8 kobolds
  8 rats
46 creatures vanquished.

Notes
Turn   | Place    | Note
-------+----------+-------------------------------------------
     0 | D:1      | Minion the Troll Fighter began the quest for the Orb.
     0 | D:1      | Reached XP level 1. HP: 22/22 MP: 0/0
   331 | D:1      | Reached XP level 2. HP: 27/29 MP: 1/1
   959 | D:2      | Found a sparkling altar of Nemelex Xobeh.
  1126 | D:2      | Reached XP level 3. HP: 36/36 MP: 2/2
  1310 | D:2      | Found a faded altar of an unknown god.
  1310 | D:2      | Found a faded altar of an unknown god.
  1316 | D:2      | Found an ancient bone altar of Kikubaaqudgha.
  1318 | D:2      | Found a faded altar of an unknown god.
  1319 | D:2      | Found a faded altar of an unknown god.
  1480 | D:3      | Found a blossoming altar of Fedhas.
  1513 | D:3      | Noticed Sigmund
  1519 | D:3      | Noticed Ijyb
  1521 | D:3      | Killed Sigmund
  1521 | D:3      | Reached XP level 4. HP: 35/44 MP: 3/3
  1521 | D:3      | Reached XP level 5. HP: 39/50 MP: 4/4
  1532 | D:3      | Killed Ijyb
  1749 | D:3      | Noticed an ogre
  1757 | D:3      | Killed an ogre
  1757 | D:3      | Reached XP level 6. HP: 41/59 MP: 5/5
  2162 | D:3      | Noticed max's ghost (amateur MiFi)
  2177 | D:3      | Slain by max's ghost

Skill      XL: |  1  2  3 |
---------------+----------+-----
Maces & Flails | 2 4 |  4.6
Dodging        | 4 |  4.3
Fighting       | |  2.4
Shields        | |  2.4

Action                   |  1- 3 |  4- 6 || total
-------------------------+-------+-------++-------
Melee: Flail             |   113 |    27 ||   140
       Giant club        |       |    32 ||    32
 Stab: Sleeping          |     3 |       ||     3
  Eat: Chunk             |     6 |     8 ||    14
       Beef jerky        |     1 |       ||     1
       Bread ration      |     1 |       ||     1
Armor: Robe              |    63 |    16 ||    79
Dodge: Dodged            |    64 |    37 ||   101
